AoeStats
← AxingQuestions

Arabia

506288315Analyzed
1v1 RM · 18d ago on Sep 13, 2026· 25m 31s· 2 players
Game mode
Random Map
Map size
Tiny (2 player)
Population
200
Speed
Normal
Resources
Standard
Victory
Conquest
Starting age
Dark Age
Ending age
Imperial Age
RankedLock teamsTeams togetherTeam positionsShared explorationLock speedFull tech treeHidden civsTurbo modeCheats
Victory
Defeat
🇺🇸 Bohemians · United States
1233
+16
🇺🇾 Britons · Uruguay
1238
-16
AxingQuestions
8:39 Loom
11:13 Feudal Age
15:18 Castle Age
13:08 Double-Bit Axe
14:52 Horse Collar
16:51 Wheelbarrow
16:29 Bow Saw
17:35 Fletching
21:23 Bodkin Arrow
25:23 Light Cavalry
rama xstar
10:05 Feudal Age
11:09 Double-Bit Axe
11:14 Loom
11:47 Horse Collar
15:26 Wheelbarrow
19:41 Castle Age
18:46 Gold Mining
19:48 Crossbowman
20:30 Padded Archer Armor
20:48 Bow Saw
Connection lost

Rejoining the realm…

Still unreachable

The connection could not be restored.

Session expired

The server has moved on; the page needs a fresh start.